 Dungeon Crawl Stone Soup version 0.21-a0-113-g6841d05 (webtiles) character file.

13791 Ijustatesigmund the Grappler (level 11, -10/110 HPs)
             Began as a Troll Monk on July 12, 2017.
             Was the Champion of Cheibriados.
             Mangled by a sphinx (13 damage)
             ... summoned by Kirke
             ... while paralysed by a sphinx
             ... on level 14 of the Dungeon.
             The game lasted 00:18:56 (7550 turns).

Ijustatesigmund the Grappler (Troll Monk)           Turns: 7550, Time: 00:18:56

Health: -10/110    AC: 11    Str: 36    XL:     11   Next: 80%
Magic:  13/13      EV:  1    Int: 21    God:    Cheibriados [******]
Gold:   657        SH:  0    Dex: 32    Spells: 10/10 levels left

rFire    . . .     SeeInvis .     - Unarmed
rCold    . . .     Gourm    +   c - +0 large shield
rNeg     . . .     Faith    .   a - +1 troll leather armour
rPois    +         Spirit   .   C - +2 hat
rElec    .         Reflect  .   v - +0 cloak
rCorr    .         Harm     .   (gloves unavailable)
MR       .....                  (boots unavailable)
Stlth    +.........             (no amulet)
HPRegen  1.08/turn              (no ring)
MPRegen  0.13/turn              (no ring)

@: confused, paralysed, very slow
A: unfitting armour, claws 3, agile 1, fast metabolism 3, gourmand, low mp 1,
poison resistance, regeneration 1, shaggy fur 1, tough skin 2, wild magic 1
a: Bend Time, Temporal Distortion, Slouch, Step From Time, Renounce Religion


You were on level 14 of the Dungeon.
You worshipped Cheibriados.
Cheibriados was exalted by your worship.
You were not hungry.

You visited 2 branches of the dungeon, and saw 13 of its levels.

You collected 657 gold pieces.

Inventory:

Hand Weapons
 A - a +0 flail
Missiles
 s - 2 large rocks (quivered)
 w - 7 javelins
Armour
 a - a +1 troll leather armour (worn)
 c - a +0 large shield (worn)
 k - a +0 shield
 v - a +0 cloak (worn)
 C - a +2 hat (worn)
Wands
 h - a wand of flame (20/48)
 u - a wand of paralysis (17/24)
 x - a wand of confusion (14/48)
 E - a wand of disintegration (10/24)
Scrolls
 g - 3 scrolls of magic mapping
 l - a scroll of enchant weapon
 m - 3 scrolls of remove curse
 n - 2 scrolls of recharging
 p - a scroll of immolation {unknown}
 r - 3 scrolls of fog
 t - 3 scrolls of teleportation
 B - 2 scrolls of identify
Potions
 e - 4 potions of curing
 f - 3 potions of brilliance
 j - 3 potions of lignification
 q - a potion of invisibility
 z - 2 potions of flight {unknown}
 D - a potion of agility
Books
 y - a book of Air

   Spells                             Type                      Level
   a - Shock                          Conjuration/Air              1
   b - Swiftness                      Charms/Air                   2
   c - Static Discharge               Conjuration/Air              3
   d - Airstrike                      Air                          4
   e - Lightning Bolt                 Conjuration/Air              5
Comestibles
 b - 10 bread rations
 d - 8 meat rations
 i - 5 royal jellies
 o - 12 fruits


   Skills:
 + Level 7.7 Fighting
 + Level 5.8 Dodging
 - Level 1.0 Stealth
 - Level 7.2 Shields
 + Level 11.4 Unarmed Combat
 + Level 6.7 Invocations


You had 10 spell levels left.
You didn't know any spells.

Dungeon Overview and Level Annotations

Branches:
Dungeon (11/15)            Temple (1/1) D:6            Lair (0/6) D:10
    Orc: D:9-12

Altars:
Ashenzari
Cheibriados
Dithmenos
Elyvilon
Fedhas
Gozag
Hepliaklqana
Kikubaaqudgha
Makhleb
Nemelex Xobeh
Okawaru
Qazlal
Ru
Sif Muna
Trog
Uskayaw
Vehumet
Wu Jian
Xom
Yredelemnul
Zin
The Shining One

Shops:
D:8 }

Annotations:
D:14 Kirke


Innate Abilities, Weirdness & Mutations

You are too large for most types of armour.
You have claws for hands.
Your metabolism is lightning-fast.
You like to eat raw meat.
Your natural rate of healing is unusually fast.
You are covered in fur. (AC +1)
You have very tough skin. (AC +2)
You are agile. (Dex +2)
Your magical capacity is low. (-10% MP)
Your system is resistant to poisons. (rPois)
Your spells are a little harder to cast, but a little more powerful.


Message History

The sphinx casts a spell.
You suddenly lose the ability to move!
Something hits you but does no damage. The sphinx hits you.
The sphinx hits you but does no damage. The sphinx hits you.
Something hits you. The sphinx hits you!
The sphinx hits you but does no damage. The sphinx completely misses you.
Something hits you! The sphinx hits you.
* * * LOW HITPOINT WARNING * * *
The sphinx hits you!
* * * LOW HITPOINT WARNING * * *
The sphinx hits you but does no damage. Something hits you.
* * * LOW HITPOINT WARNING * * *
The sphinx hits you but does no damage. The sphinx hits you.
* * * LOW HITPOINT WARNING * * *
The sphinx hits you.
* * * LOW HITPOINT WARNING * * *
Something hits you!
* * * LOW HITPOINT WARNING * * *
The sphinx hits you!
You die...

#.
#...#####
#.......#
###.#
#...#
#.#####h#
#..H@{hh#
#.#####.#
#.[ ###


You could see a sphinx and 3 hogs.

Vanquished Creatures
  Erolcha (D:9)
  3 two-headed ogres
  6 death yaks (D:10)
  Maurice (D:8)
  A troll (D:10)
  A hippogriff (D:11)
  A wyvern (D:8)
  Eustachio (D:6)
  6 yaks (D:10)
  A hungry ghost (D:11)
  Grum (D:8)
  5 orc warriors
  2 black bears
  2 ice beasts
  7 ogres
  A phantom (D:8)
  4 wolves (D:8)
  3 centaurs
  3 bullfrogs
  4 scorpions
  26 killer bees
  3 howler monkeys
  2 bullfrog zombies
  7 crimson imps
  A quasit (D:5)
  3 centaur zombies
  A jelly (D:9)
  2 orc priests (D:10)
  5 hounds
  A bullfrog skeleton (D:9)
  Jessica (D:2)
  11 orc wizards
  Terence (D:2)
  3 iguanas
  11 worker ants
  3 hound skeletons
  Robin (D:2)
  14 adders
  A howler monkey skeleton (D:5)
  A shadow imp (D:6)
  3 oozes
  2 adder zombies
  2 worms
  2 dart slugs
  2 leopard geckos
  33 orcs
  7 bats
  2 giant cockroaches
  16 goblins
  7 hobgoblins
  10 jackals
  7 quokkas
  2 ball pythons
  6 frilled lizards
  A jackal skeleton (D:5)
  A jackal zombie (D:7)
  6 kobolds
  2 quokka skeletons (D:7)
  10 rats
273 creatures vanquished.

Vanquished Creatures (others)
  A jelly (D:9)
1 creature vanquished.

Grand Total: 274 creatures vanquished

Notes
Turn   | Place    | Note
-------+----------+-------------------------------------------
     0 | D:1      | Ijustatesigmund the Troll Monk began the quest for the Orb.
     0 | D:1      | Reached XP level 1. HP: 22/22 MP: 0/0
   234 | D:1      | You fall through a shaft!
   234 | D:2      | Noticed Terence
   244 | D:2      | Killed Terence
   244 | D:2      | Reached skill level 4 in Unarmed Combat
   244 | D:2      | Reached XP level 2. HP: 20/29 MP: 1/1
   260 | D:2      | Reached XP level 3. HP: 36/36 MP: 2/2
   361 | D:1      | Reached skill level 1 in Shields
   490 | D:1      | Gained mutation: Your body sometimes deteriorates upon taking damage. [potion of mutation]
   490 | D:1      | Gained mutation: You expend magic power (3 MP) to strengthen your wands. [potion of mutation]
   490 | D:1      | Gained mutation: Your movements are slightly less encumbered by armour. (ER -2) [potion of mutation]
   491 | D:1      | Lost mutation: Your movements are slightly less encumbered by armour. (ER -2) [potion of mutation]
   491 | D:1      | Lost mutation: You expend magic power (3 MP) to strengthen your wands. [potion of mutation]
   491 | D:1      | Lost mutation: Your body sometimes deteriorates upon taking damage. [potion of mutation]
   491 | D:1      | Gained mutation: You passively map a small area around you. [potion of mutation]
   491 | D:1      | Gained mutation: You have large cloven feet. [potion of mutation]
   976 | D:2      | Noticed Jessica
   981 | D:2      | Killed Jessica
   981 | D:2      | Reached XP level 4. HP: 44/44 MP: 3/3
  1082 | D:2      | Lost mutation: You have large cloven feet. [potion of mutation]
  1082 | D:2      | Lost mutation: You passively map a small area around you. [potion of mutation]
  1082 | D:2      | Gained mutation: You are agile. (Dex +2) [potion of mutation]
  1082 | D:2      | Gained mutation: Your magical capacity is low. (-10% MP) [potion of mutation]
  1082 | D:2      | Gained mutation: Your system is resistant to poisons. (rPois) [potion of mutation]
  1082 | D:2      | Gained mutation: Your spells are a little harder to cast, but a little more powerful. [potion of mutation]
  1108 | D:2      | Noticed Robin
  1174 | D:2      | Killed Robin
  1555 | D:3      | Reached XP level 5. HP: 50/50 MP: 3/3
  2002 | D:3      | Reached skill level 5 in Unarmed Combat
  2171 | D:4      | Reached XP level 6. HP: 53/59 MP: 4/4
  2285 | D:3      | Reached skill level 6 in Unarmed Combat
  2399 | D:3      | Reached XP level 7. HP: 39/66 MP: 5/5
  2635 | D:5      | Entered Level 5 of the Dungeon
  2884 | D:5      | Found a shimmering altar of Xom.
  2898 | D:5      | Reached skill level 7 in Unarmed Combat
  3063 | D:5      | Reached skill level 5 in Shields
  3187 | D:5      | Reached XP level 8. HP: 67/74 MP: 6/6
  3275 | D:5      | Found a hazy altar of Hepliaklqana.
  3576 | D:6      | Noticed Eustachio
  3582 | D:6      | Killed Eustachio
  3854 | D:6      | Reached skill level 8 in Unarmed Combat
  4130 | D:6      | Found a staircase to the Ecumenical Temple.
  4182 | Temple   | Entered the Ecumenical Temple
  4276 | Temple   | Became a worshipper of Cheibriados the Contemplative
  4276 | Temple   | Reached * piety under Cheibriados
  4276 | Temple   | Reached ** piety under Cheibriados
  5090 | D:7      | Reached XP level 9. HP: 84/84 MP: 7/7
  5124 | D:7      | Found a basalt altar of Yredelemnul.
  5130 | D:7      | Found a sacrificial altar of Ru.
  5300 | D:7      | Reached *** piety under Cheibriados
  5401 | D:7      | Reached skill level 1 in Invocations
  5403 | D:7      | Reached skill level 9 in Unarmed Combat
  5563 | D:8      | Noticed a two-headed ogre
  5571 | D:8      | Killed a two-headed ogre
  5654 | D:8      | Reached skill level 5 in Fighting
  5705 | D:8      | Found Riatef's Gadget Boutique.
  5715 | D:8      | Noticed Grum
  5873 | D:8      | Killed Grum
  5877 | D:8      | Reached XP level 10. HP: 79/96 MP: 6/10
  5885 | D:8      | Reached **** piety under Cheibriados
  6086 | D:8      | Noticed Maurice
  6091 | D:8      | Killed Maurice
  6212 | D:9      | Reached skill level 10 in Unarmed Combat
  6270 | D:9      | Found an opulent altar of Gozag.
  6311 | D:9      | Noticed Erolcha
  6319 | D:9      | Killed Erolcha
  6571 | D:10     | Entered Level 10 of the Dungeon
  6627 | D:10     | Reached ***** piety under Cheibriados
  6642 | D:10     | Reached skill level 5 in Invocations
  6670 | D:10     | Noticed a death yak
  6672 | D:10     | Noticed a death yak
  6676 | D:10     | Noticed a death yak
  6677 | D:10     | Noticed a death yak
  6679 | D:10     | Noticed a death yak
  6688 | D:10     | Noticed a death yak
  6695 | D:10     | Killed a death yak
  6712 | D:10     | Killed a death yak
  6712 | D:10     | Reached XP level 11. HP: 48/107 MP: 12/12
  6720 | D:10     | Killed a death yak
  6725 | D:10     | Killed a death yak
  6728 | D:10     | Killed a death yak
  6733 | D:10     | Killed a death yak
  6733 | D:10     | Reached skill level 5 in Dodging
  6733 | D:10     | Reached skill level 11 in Unarmed Combat
  6796 | D:10     | Found a staircase to the Lair.
  6823 | D:10     | Noticed a two-headed ogre
  6834 | D:10     | Killed a two-headed ogre
  6911 | D:10     | Noticed a two-headed ogre
  6918 | D:10     | Killed a two-headed ogre
  6970 | D:10     | Found a sacrificial altar of Ru.
  7427 | D:11     | Reached ****** piety under Cheibriados
  7528 | D:11     | You fall through a shaft for 3 floors!
  7532 | D:14     | Noticed Kirke
  7542 | D:14     | Noticed a sphinx
  7546 | D:14     | Paralysed by a sphinx for 6 turns
  7550 | D:14     | HP: 3/110 [something (15)]
  7550 | D:14     | Mangled by a sphinx

Vault maps used:
D:1:      minmay_arrival_widening_spiral_wide, serial_forest,
          infiniplex_forest_clump_tiny, infiniplex_forest_lined_room_3,
          infiniplex_forest_side_room, infiniplex_forest_clump_double,
          infiniplex_forest_straight_4, infiniplex_forest_end_2
D:2:      first_bread, st_stairs_9, grunt_decor_fettered, kennysheep_boxes,
          uniq_terence, uniq_robin, uniq_jessica
D:3:      guppyfry_early_lair_pool
D:5:      kennysheep_mini_moat, xom_teletrap_fun, st_stairs_10
D:6:      temple_pool_b, uniq_eustachio
D:7:      chequers_temple_overflow_statue_of_worship, grunt_ogre_cave,
          grunt_ministairs_1
D:8:      serial_shops, shop_fountains, uniq_grum, uniq_maurice
D:9:      nicolae_gozag_cash_rules_everything_around_me,
          eino_small_chamber_without_monster, uniq_erolcha
D:10:     dpeg_lair_monsters, basic_altar
D:14:     serial_undead, serial_undead_c, serial_undead_f, serial_undead_a,
          serial_undead_d, serial_undead_a, serial_undead_e, serial_undead_c,
          minmay_misc_feat_ornament, uniq_snorg, uniq_kirke, uniq_josephine
Temple:   minmay_temple_bridge_d

Skill      XL: |  1  2  3  4  5  6  7  8  9 10 11 |
---------------+----------------------------------+-----
Unarmed Combat | 4 5 6 7 8 9 10 11 | 11.4
Shields        | 1 2 3 5 6 7 |  7.2
Fighting       | 3 5 6 7 |  7.7
Invocations    | 3 5 6 |  6.7
Dodging        | 4 5 |  5.8
Stealth        | |  1.0

Action                   |  1- 3 |  4- 6 |  7- 9 | 10-12 || total
-------------------------+-------+-------+-------+-------++-------
Melee: Unarmed           |    82 |   185 |   325 |   256 ||   848
       Kick              |     1 |     1 |       |       ||     2
Throw: Throwing net      |       |       |     1 |       ||     1
       Large rock        |       |       |     1 |     3 ||     4
  Use: Scroll            |     4 |     7 |     8 |     4 ||    23
       Potion            |     2 |     3 |     2 |     4 ||    11
 Stab: Sleeping          |     1 |     1 |     4 |     5 ||    11
       Distracted        |       |       |     1 |       ||     1
  Eat: Chunk             |    10 |    17 |    26 |     9 ||    62
Armor: Robe              |    34 |    51 |    54 |     6 ||   145
       Troll leather arm |       |       |       |    24 ||    24
Dodge: Dodged            |    20 |    47 |    58 |    61 ||   186
Block: Large shield      |    60 |   131 |   255 |   188 ||   634
